 Dungeon Crawl Stone Soup version 0.29.1-15-g9cfb28693d (webtiles) character file.

Game seed: 2716692245597996465

389 hawla the Firebug (level 7, -18/50 HPs)
             Began as a Meteoran Fire Elementalist on Mar 17, 2023.
             Demolished by Eustachio
             ... wielding a +2 falchion of electrocution
              (20 damage)
             ... on level 5 of the Dungeon on Mar 18, 2023.
             The game lasted 00:07:37 (846 turns).

hawla the Firebug (Meteoran Fire Elementalist)       Turns: 846, Time: 00:07:38

Health: -18/50     AC:  2    Str: 15    XL:     7   Next: 29%
Magic:  1/13       EV: 13    Int: 18    God:
Gold:   111        SH:  0    Dex: 21    Spells: 6/13 levels left

rFire   . . .      SeeInvis .   e - +7 flail "Nyite" {venom, Str+5}
rCold   . . .      Faith    .   (no shield)
rNeg    . . .      Spirit   .   a - +0 robe
rPois   .          Reflect  .   (no helmet)
rElec   .          Harm     .   (no cloak)
rCorr   .          Rampage  .   (no gloves)
Will    .....                   (no boots)
Stlth   +.........              (no amulet)
HPRegen 0.16/turn               d - +6 ring of dexterity
MPRegen 0.13/turn               (no ring)

@: glowing
A: sense surroundings 1, otherworldly, glowing, explore regen
a: no special abilities


You were on level 5 of the Dungeon.
You visited 1 branch of the dungeon, and saw 5 of its levels.

You collected 111 gold pieces.

Inventory:

Hand Weapons
 e - the +7 flail "Nyite" (weapon) {venom, Str+5}
   (You found it on level 4 of the Dungeon)

   It poisons the flesh of those it strikes.
   Str:       It affects your strength (+5).
 h - a +0 quarterstaff
Armour
 a - a +0 robe (worn)
 c - a +2 helmet of see invisible
Magical Staves
 g - a staff of cold
Jewellery
 d - a +6 ring of dexterity (left hand)
Wands
 b - a wand of roots (8)
Potions
 i - a potion of attraction


   Skills:
 - Level 0.1 Fighting
 - Level 1.9(2.1) Maces & Flails
 + Level 1.1(1.6) Staves
 - Level 2.7 Dodging
 - Level 1.4 Stealth
 - Level 3.9 Spellcasting
 - Level 5.3 Conjurations
 - Level 5.3 Fire Magic
 + Level 1.0 Ice Magic
 + Level 1.2 Evocations


You had 6 spell levels left.
You knew the following spells:

 Your Spells              Type           Power      Damage    Failure   Level
a - Foxfire               Conj/Fire      88%        2x1d8     1%          1
b - Scorch                Fire           44%        2d7       2%          2
c - Flame Wave            Conj/Fire      22%        2d8       17%         4

Your spell library contained the following spells:

 Spells                   Type           Power      Damage    Failure   Level
 Conjure Flame            Conj/Fire      22%        6-21      4%          3
 Inner Flame              Hex/Fire       13%        N/A       16%         3


Dungeon Overview and Level Annotations

Branches:
Dungeon (5/15) Zot: 2146
 Temple: D:4-7

Altars:
Nemelex Xobeh

Annotations:
D:4 Menkaure
D:5 Eustachio


Innate Abilities, Weirdness & Mutations

You passively map a small area around you.
You are easily found by Zot.
You glow in the dark.
You regain HP and MP as you explore.


Message History

You hit the shadow imp.
The shadow imp is moderately wounded.
The shadow imp hits you.
You closely miss the shadow imp.
The shadow imp is moderately wounded.
The shadow imp hits you. x2
You completely miss the shadow imp.
The shadow imp is moderately wounded.
The shadow imp hits you.
You closely miss the shadow imp.
The shadow imp is moderately wounded.
The shadow imp disappears in a puff of smoke!
Eustachio brags, "I can call spirits from the vasty deep."
Eustachio barely misses you.
You hit Eustachio.
Eustachio is poisoned.
Eustachio is lightly wounded.
Eustachio hits you but does no damage.
You sock Eustachio!
Eustachio looks as sick as possible!
Eustachio is heavily wounded.
Eustachio closely misses you. Eustachio barely misses you.
You closely miss Eustachio.
Eustachio is heavily wounded.
Eustachio hits you with a +2 falchion of electrocution.
You are electrocuted!
* * * LOW HITPOINT WARNING * * *
You hit Eustachio.
Eustachio is severely wounded.
Eustachio casts a spell.
Okay, then.
Casting: Scorch (safe; 2% risk of failure)
Confirm with . or Enter, or press ? or * to list all spells.
Flames lash the iron imp.
The iron imp completely resists.
Eustachio closely misses you.
Unknown command.
You barely miss Eustachio.
Eustachio is severely wounded.
Eustachio hits you with a +2 falchion of electrocution.
* * * LOW HITPOINT WARNING * * *
You are electrocuted!!
You die...

* , ...... * * ,
..... * , ....# *
# ** ...* # , ..5
. #b# # , * * **
*#@# # *,, , , #@#
# * #.# ########
#.# *
.......#########)#
##...............#
##.###.###########
##.# #........ < *
* ##.# #########
*,,, , ...# *


You could see Eustachio (very poisoned), an iron imp (summoned) and a bat
(summoned).

Vanquished Creatures
  Edmund (D:4)
  2 bullfrogs (D:4)
  A hound (D:4)
  An iguana (D:5)
  An orc wizard (D:4)
  Robin (D:2)
  4 dart slugs
  8 orcs
  3 endoplasms
  A giant cockroach (D:5)
  12 goblins (D:2)
  2 hobgoblins (D:4)
  2 kobolds
  4 quokkas
  4 ball pythons
  3 rats
50 creatures vanquished.

Vanquished Creatures (collateral kills)
  A foxfire (D:1)
1 creature vanquished.

Vanquished Creatures (others)
  80 foxfires
80 creatures vanquished.

Grand Total: 131 creatures vanquished

Notes
Turn   | Place    | Note
-------+----------+-------------------------------------------
     0 | D:1      | hawla the Meteoran Fire Elementalist began the quest for
                  | the Orb.
     0 | D:1      | Reached XP level 1. HP: 14/14 MP: 5/5
    14 | D:1      | Reached XP level 2. HP: 20/20 MP: 1/6
    17 | D:1      | Learned a level 2 spell: Scorch
   116 | D:2      | Reached XP level 3. HP: 26/26 MP: 0/8
   129 | D:2      | Noticed Robin
   134 | D:2      | Killed Robin
   265 | D:4      | Noticed a bullfrog
   270 | D:4      | Killed a bullfrog
   271 | D:4      | Reached skill level 5 in Fire Magic
   271 | D:4      | Reached XP level 4. HP: 33/33 MP: 2/10
   271 | D:4      | Reached XP level 5. HP: 38/38 MP: 2/11
   276 | D:4      | Learned a level 4 spell: Flame Wave
   295 | D:4      | Found a sparkling altar of Nemelex Xobeh.
   335 | D:4      | Identified the +7 flail "Nyite" {venom, Str+5}
   409 | D:4      | Noticed Edmund
   428 | D:4      | Killed Edmund
   429 | D:4      | Reached XP level 6. HP: 9/45 MP: 7/12
   535 | D:4      | Reached skill level 5 in Conjurations
   699 | D:4      | Noticed Menkaure
   705 | D:4      | Reached skill level 1 in Maces & Flails
   705 | D:4      | Reached XP level 7. HP: 45/50 MP: 13/13
   769 | D:5      | Entered Level 5 of the Dungeon
   816 | D:5      | Noticed Eustachio
   825 | D:5      | Reached skill level 1 in Staves
   825 | D:5      | Reached skill level 1 in Ice Magic
   825 | D:5      | Reached skill level 1 in Evocations
   846 | D:5      | HP: 2/50 [Eustachio/+2 falchion of electrocution (4)]
   846 | D:5      | Demolished by Eustachio

Illustrated notes

Levels and vault maps discovered:
D:1:      eino_arrival_tree_alley, layout_rooms, ebering_ecumenical_altar_webs
D:2:      minmay_evil_eye, layout_loops_cross, minmay_distorted, uniq_robin
D:3:      layout_basic
D:4:      cheibrodos_old_hovel, layout_loops_corners, marbit_many_paths,
          minmay_fractal_squares_diagonal_5, uniq_duvessa, uniq_menkaure,
          uniq_edmund
D:5:      layout_loops_ring, mainiacjoe_overflow_surrounded_room,
          lightli_sewer_entry_pipes, uniq_crazy_yiuf_cottage, uniq_eustachio,
          uniq_pikel

Skill      XL: |  1  2  3  4  5  6  7 |
---------------+----------------------+-----
Fire Magic     | 4 5 |  5.3
Spellcasting   | 3 |  3.9
Conjurations   | 2 4 5 |  5.3
Maces & Flails | 1 |  1.9
Staves         | 1 |  1.1
Ice Magic      | 1 |  1.0
Evocations     | 1 |  1.2
Fighting       | |  0.1
Dodging        | |  2.7
Stealth        | |  1.4

Action                   |  1- 3 |  4- 6 |  7- 9 || total
-------------------------+-------+-------+-------++-------
Melee: Unarmed           |    10 |       |       ||    10
       Spear             |     1 |       |       ||     1
       Flail             |       |    12 |    19 ||    31
       Punch             |       |     1 |       ||     1
       Staff             |       |       |     4 ||     4
 Cast: Foxfire           |    32 |    10 |     5 ||    47
       Scorch            |     3 |    10 |     6 ||    19
       Flame Wave        |       |       |     2 ||     2
  Use: Potion            |     2 |     1 |     1 ||     4
       Scroll            |       |     1 |     1 ||     2
Armor: Robe              |     2 |     3 |     2 ||     7
Dodge: Dodged            |     6 |    11 |    20 ||    37
